 Dungeon Crawl Stone Soup version 0.30-a0-634-g8abc85282e (webtiles) character file.

Game seed: 5056622475512372897

383 bande the Covered (level 6, -6/38 HPs)
             Began as a Gargoyle Fighter on Jan 15, 2023.
             Mangled by an ogre
             ... wielding a +0 giant club
              (12 damage)
             ... on level 4 of the Dungeon.
             The game lasted 00:06:14 (3681 turns).

bande the Covered (Gargoyle Fighter)                Turns: 3681, Time: 00:06:15

Health: -6/38      AC: 17    Str: 20    XL:     6   Next: 76%
Magic:  6/6        EV:  5    Int:  8    God:
Gold:   168        SH:  4    Dex: 11    Spells: 5/5 levels left

rFire   . . .      SeeInvis .    a - +1 war axe
rCold   . . .      Faith    .    c - +0 buckler
rNeg    + . .      Spirit   .    x - +0 plate armour
rPois   ∞          Reflect  .    (no helmet)
rElec   +          Harm     .    (no cloak)
rCorr   .          Rampage  .    (no gloves)
Will    .....                    v - +0 pair of boots Stlth
                                 (no amulet)
HPRegen 0.26/turn                (no ring)
MPRegen 0.10/turn                (no ring)

@: no status effects
A: sickness immunity, AC +4, negative energy resistance 1, electricity
resistance, torment resistance 1, petrification resistance
a: no special abilities


You were on level 4 of the Dungeon.
You visited 1 branch of the dungeon, and saw 4 of its levels.

You collected 168 gold pieces.

Inventory:

Hand Weapons
 a - a +1 war axe (weapon)
 b - a +0 flail
Armour
 c - a +0 buckler (worn)
 p - a +1 pair of boots
 r - an orb of light
 v - a +0 pair of boots (worn)
 x - a +0 plate armour (worn)
Wands
 q - a wand of flame (25)
Scrolls
 m - a scroll of teleportation
 n - a scroll of enchant armour
 s - 2 scrolls of identify
Potions
 d - 2 potions of might
 e - 2 potions of mutation
 f - a potion of berserk rage
 g - a potion of flight
 h - 2 potions of lignification {unknown}
 i - a potion of curing
 k - a potion of brilliance
 l - a potion of attraction {unknown}
 o - a potion of magic {unknown}
 t - a potion of degeneration {unknown}
 u - a potion of haste {unknown}
 w - a potion of heal wounds {unknown}


   Skills:
 + Level 4.0 Fighting
 + Level 4.4 Axes
 + Level 4.8 Armour
 + Level 4.1 Shields
 * Level 1.5 Evocations


You had 5 spell levels left.
You didn't know any spells.
Your spell library contained the following spells:

 Spells                   Type           Power      Damage    Failure   Level
 Portal Projectile        Hex/Tloc       0%         N/A       100%        3
 Tukima's Dance           Hex            0%         N/A       100%        3
 Manifold Assault         Tloc           0%         N/A       100%        4
 Blade Hands              Tmut           0%         N/A       100%        5
 Dispersal                Tloc           0%         N/A       100%        6
 Disjunction              Tloc           0%         N/A       100%        8


Dungeon Overview and Level Annotations

Branches:
Dungeon (4/15)
 Temple: D:4-7

Altars:
Uskayaw
Wu Jian

Shops:
D:1 (


Innate Abilities, Weirdness & Mutations

You are immune to sickness and miasma.
Your stone body is resilient. (AC +4)
You are immune to poison.
You resist negative energy. (rN+)
You are resistant to electric shocks. (rElec)
You are resistant to unholy torment.
You are immune to petrification.


Message History

No target in view!
Things that are here:
a +0 club; an orc corpse
Found a stone staircase leading up.
Things that are here:
a +0 club; an orc corpse You see here a +0 short sword.
An ogre comes into view. It is wielding a +0 giant club.
The ogre shouts!
You hear a shout!
Found 3 stones and a large rock.
An ogre is nearby!
An ogre is nearby!
Found 3 stones and 2 large rocks.
An ogre comes into view. It is wielding a +0 giant club.
You hit the ogre.
The ogre is lightly wounded.
You block the ogre's attack.
You hit the ogre but do no damage.
The ogre is lightly wounded.
The ogre hits you with a +0 giant club!!
Ouch! That really hurt!
You hit the ogre.
The ogre is moderately wounded.
The ogre hits you but does no damage.
You slash the ogre!
The ogre is heavily wounded.
The ogre barely misses you.
You slash the ogre!
The ogre is severely wounded.
The ogre hits you with a +0 giant club!
* * * LOW HITPOINT WARNING * * *
You hit the ogre but do no damage.
The ogre is severely wounded.
You block the ogre's attack.
You barely miss the ogre.
The ogre is severely wounded.
You slash the ogre!
You kill the ogre!
The ogre hits you with a +0 giant club!
You die...

#....#........######
#.########.##+## ###
#.#............# #..
#.....#####....# #..
###.#.#####....# #..
#.#.#........# #..
#.#^#.###....# #..
#.#...# ###### ###
#@##### #O#
#.......# .#####..#
...# (.#.# .....#
(#..(## 8..(#(


You could see an ogre.

Vanquished Creatures
  2 ogres (D:4)
  A phantom (D:3)
  2 hounds (D:3)
  An iguana (D:4)
  7 adders
  3 dart slugs
  7 orcs
  4 bats
  5 endoplasms
  2 giant cockroaches
  9 goblins
  6 hobgoblins
  8 kobolds
  4 quokkas
  3 ball pythons
  A frilled lizard (D:1)
  6 rats
71 creatures vanquished.

Notes
Turn   | Place    | Note
-------+----------+-------------------------------------------
     0 | D:1      | bande the Gargoyle Fighter began the quest for the Orb.
     0 | D:1      | Reached XP level 1. HP: 14/14 MP: 1/1
    73 | D:1      | Reached XP level 2. HP: 14/19 MP: 2/2
   330 | D:1      | Found Otylaq's Antique Weapon Shoppe.
   518 | D:1      | Reached XP level 3. HP: 23/23 MP: 3/3
  1396 | D:2      | Noticed an eye of devastation
  1398 | D:2      | Found a faded altar of an unknown god.
  1400 | D:2      | Noticed a floating eye
  1400 | D:2      | Noticed a floating eye
  1400 | D:2      | Noticed a great orb of eyes
  1518 | D:3      | Reached XP level 4. HP: 28/28 MP: 4/4
  1817 | D:3      | Noticed a +0 dagger
  1817 | D:3      | Noticed a +0 dagger
  2208 | D:3      | Reached XP level 5. HP: 33/33 MP: 5/5
  2259 | D:3      | Found an ornate altar of the Wu Jian Council.
  2438 | D:3      | Noticed a phantom
  2454 | D:3      | Killed a phantom
  2513 | D:3      | Found a hide-covered altar of Uskayaw.
  2723 | D:4      | Noticed an ogre
  2727 | D:4      | Reached skill level 1 in Evocations
  2727 | D:4      | Reached XP level 6. HP: 28/38 MP: 6/6
  3681 | D:4      | Mangled by an ogre

Illustrated notes

Levels and vault maps discovered:
D:1:      nzn_arrival_depleted_hourglass, layout_loops_ring, serial_shops,
          nicolae_shop_waterfront, fountainhead, chequers_decorated_corner,
          minmay_cupped
D:2:      layout_rooms, hellmonk_ecumenical_altar_watching_god
D:3:      kb_forest_paths, layout_basic, pdpol_wu_jian_five_deadly_venoms,
          dancing_weapons_uskayaw, serial_glass, glass_columns_b,
          glass_columns_b, glass_columns_a, glass_columns_a
D:4:      layout_basic, dilly_guarded_unrand_devastator

Skill      XL: |  1  2  3  4  5  6 |
---------------+-------------------+-----
Axes           | 2 3 4 |  4.4
Armour         | 4 |  4.8
Evocations     | 1 |  1.5
Shields        | 4 |  4.1
Fighting       | 4 |  4.0

Action                   |  1- 3 |  4- 6 || total
-------------------------+-------+-------++-------
Melee: War axe           |   105 |   103 ||   208
  Use: Scroll            |    10 |     6 ||    16
Armor: Scale mail        |    29 |       ||    29
       Chain mail        |    38 |    70 ||   108
       Plate armour      |       |     1 ||     1
Dodge: Dodged            |    49 |    31 ||    80
Block: Buckler           |    19 |    34 ||    53

Table legend: (Time is in decaauts)
 A = Elapsed time spent in this place.
 B = Non-inter-level travel time spent in this place.
 C = Inter-level travel time spent in this place.
 D = Time resting spent in this place.
 E = Time spent auto-exploring this place.
 F = Levels seen in this place.
 G = Mean time per level.
                   A        B        C        D        E       F      G
               +--------+--------+--------+--------+--------+-----+--------+
         Total |   3769 |   3680 |     89 |    755 |   2175 |   4 |  942.2 |
       Dungeon |   3769 |   3680 |     89 |    755 |   2175 |   4 |  942.2 |
               +--------+--------+--------+--------+--------+-----+--------+

Top non-repeatable levels by time:
     D:3: 1632 daAuts
     D:1: 985 daAuts
     D:2: 774 daAuts
     D:4: 376 daAuts
